 Dungeon Crawl Stone Soup version 0.19.1 (webtiles) character file.

90 kengeki the Gusty (level 4, -3/24 HPs)
             Began as a Tengu Air Elementalist on Dec 19, 2016.
             Slain by an orc warrior
             ... wielding a +0 hand axe
              (12 damage)
             ... on level 2 of the Dungeon.
             The game lasted 00:16:05 (2712 turns).

kengeki the Gusty (Tengu Air Elementalist)          Turns: 2712, Time: 00:16:06

Health: -3/24      AC:  3    Str:  8    XL:     4   Next: 56%
Magic:  0/8        EV: 12    Int: 17    God:
Gold:   37         SH:  0    Dex: 14    Spells: 2 memorised, 3 levels left

rFire  . . .     SeeInvis .     a - +0 dagger
rCold  . . .     Gourm    .     j - +0 robe
rNeg   . . .     Faith    .     (no shield)
rPois  .         Spirit   .     (helmet restricted)
rElec  .         Reflect  .     (no cloak)
rCorr  .         Harm     .     h - +0 pair of gloves
MR     .....                    (boots unavailable)
Stlth  ++........               (no amulet)
                                (no ring)
                                (no ring)

@: no status effects
A: beak, talons 3
a: no special abilities


You were on level 2 of the Dungeon.
You were not hungry.

You visited 1 branch of the dungeon, and saw 2 of its levels.

You collected 37 gold pieces.

Inventory:

Hand Weapons
 a - a +0 dagger (weapon)
Missiles
 n - 14 arrows
Armour
 h - a +0 pair of gloves (worn)
 j - a +0 robe (worn)
Scrolls
 l - 2 scrolls of remove curse
Potions
 d - a potion of curing
 g - a potion of cancellation
Books
 b - a book of Air

   Spells                             Type                      Level
   a - Shock                          Conjuration/Air              1
   b - Swiftness                      Charms/Air                   2
   c - Repel Missiles                 Charms/Air                   2
   d - Static Discharge               Conjuration/Air              3
   e - Lightning Bolt                 Conjuration/Air              5
Comestibles
 c - a bread ration
 f - 7 chunks of flesh
 i - 3 fruits
 k - a meat ration
 m - a beef jerky


   Skills:
 - Level 2.1 Dodging
 - Level 2.0 Stealth
 - Level 2.0 Spellcasting
 + Level 4.1 Conjurations
 + Level 5.5 Air Magic


You had 3 spell levels left.
You knew the following spells:

 Your Spells              Type           Power        Failure   Level  Hunger
d - Static Discharge      Conj/Air       ###.....     10%         3    ###....
s - Shock                 Conj/Air       ###.         2%          1    #......


Dungeon Overview and Level Annotations

Branches:
Dungeon (2/15)

Altars:
Gozag
The Shining One


Innate Abilities, Weirdness & Mutations

You have a beak for a mouth.
You have claws for feet.


Message History

The lightning grounds out.
The orc warrior hits you with a hand axe.
Unknown command.
Casting: Static Discharge
Confirm with . or Enter, or press ? or * to list all spells.
The orc warrior is struck by lightning.
The orc warrior is severely wounded.
The lightning grounds out.
The orc warrior hits you with a hand axe!
Unknown command.
Unknown command.
Unknown command.
Casting: Static Discharge
Confirm with . or Enter, or press ? or * to list all spells.
Aiming: Shock
Press: ? - help, Shift-Dir - straight line The zap misses the orc warrior. x2
The orc warrior hits you with a hand axe!
Ouch! That really hurt!
You die...

#.# #..#####. #.#
#..# #. #.#
#..#####.
##.########........
#..................
###########.######.
#..#.#####.#......
##..#..)......###..
#.@.#)#####.#####..
##†o#.# #.......#
#o.#.# #########
#..#.#############
#..#.##...........
#..#.##...........
#..#.##...........
#..#.##...........
#..#.##...........


You could see an orc warrior and an orc.

Vanquished Creatures
  3 gnolls (D:2)
  An ooze (D:1)
  3 worms (D:2)
  A dart slug (D:1)
  6 bats
  6 giant cockroaches
  3 goblins
  5 hobgoblins
  2 jackals (D:2)
  A quokka (D:2)
  8 frilled lizards
  5 kobolds
  6 rats
50 creatures vanquished.

Notes
Turn   | Place    | Note
-------+----------+-------------------------------------------
     0 | D:1      | kengeki the Tengu Air Elementalist began the quest for the Orb.
     0 | D:1      | Reached XP level 1. HP: 10/10 MP: 4/4
   204 | D:1      | Reached XP level 2. HP: 15/15 MP: 3/6
   536 | D:1      | Reached XP level 3. HP: 17/19 MP: 1/7
  1081 | D:1      | Learned a level 3 spell: Static Discharge
  1343 | D:2      | Reached skill level 5 in Air Magic
  1907 | D:2      | Found a glowing golden altar of the Shining One.
  2242 | D:2      | Found an opulent altar of Gozag.
  2326 | D:2      | Reached XP level 4. HP: 18/24 MP: 4/8
  2646 | D:2      | Noticed an orc warrior
  2712 | D:2      | Slain by an orc warrior

Skill      XL: |  1  2  3  4 |
---------------+-------------+-----
Conjurations   | 2 3 4 |  4.1
Air Magic      | 5 |  5.5
Dodging        | |  2.1
Stealth        | |  2.0
Spellcasting   | |  2.0

Action                   |  1- 3 |  4- 6 || total
-------------------------+-------+-------++-------
 Cast: Shock             |    88 |    13 ||   101
       Static Discharge  |     3 |     2 ||     5
  Use: Scroll            |     5 |     2 ||     7
       Potion            |     2 |     1 ||     3
  Eat: Chunk             |     6 |     2 ||     8
Armor: Robe              |     4 |     1 ||     5
Dodge: Dodged            |    15 |     2 ||    17
